 Dungeon Crawl Stone Soup version 0.29-a0-284-gf9362112df (webtiles) character file.

Game seed: 8575459601855130085

33397 sokol815 the Fighter (level 14, -9/105 HPs)
             Began as a Djinni Gladiator on Mar 25, 2022.
             Was a Priest of Ignis.
             Mangled by a death yak (19 damage)
             ... on level 5 of the Lair of Beasts.
             The game lasted 00:43:24 (14420 turns).

sokol815 the Fighter (Djinni Gladiator)            Turns: 14420, Time: 00:43:24

Health: -9/105     AC:  9    Str: 16    XL:     14   Next: 7%
Gold:   879        EV: 13    Int: 30    God:    Ignis [***...] SH:  9 Dex: 19

rFire   + + +      SeeInvis .   a - +6 short sword (flame)
rCold   x . .      Faith    .   m - +3 buckler of the Elven Halls {rF+ Slay+4}
rNeg    + . .      Spirit   .   L - +3 leather armour {rF+}
rPois   ∞          Reflect  .   c - +0 helmet
rElec   +          Harm     .   w - +0 cloak "Mekk" {Contam rElec Int+9 Dex+4}
rCorr   +          Rampage  .   k - +0 pair of gloves
Will    +....                   (boots unavailable)
Stlth   ++++......              f - amulet of the Hero {Regen+ Str+3}
HPRegen 1.07/turn               I - +6 ring of intelligence
MPRegen 0.00/turn               t - ring of the Ferocious Eggfruit {rN+ rCorr}

@: flying
A: sickness immunity, fire resistance 2, cold vulnerability 1, float, innate
caster, HP casting, extra vitality 1
a: Renounce Religion, Fiery Armour, Foxfire Swarm, Rising Flame


You were on level 5 of the Lair of Beasts.
You worshipped Ignis.
Ignis was most pleased with you.
You visited 2 branches of the dungeon, and saw 15 of its levels.
You also visited: Sewer.

You collected 879 gold pieces.

Inventory:

Hand Weapons
 a - a +6 short sword of flaming (weapon)
   (You took it off a kobold on level 4 of the Dungeon)
 u - a +3 hand axe
   (You took it off an orc on level 6 of the Dungeon)
 x - a +0 war axe
 F - a +3 dagger of flaming
   (You took it off a kobold on level 1 of the Dungeon)
Missiles
 g - 6 javelins
 l - 5 curare-tipped darts
 n - 29 poisoned darts
 s - 403 stones
 N - 5 atropa-tipped darts
Armour
 c - a +0 helmet (worn)
 k - a +0 pair of gloves (worn)
   (You found it on level 1 of the Dungeon)
 m - the +3 buckler of the Elven Halls (worn) {rF+ Slay+4}
   (You acquired it on level 4 of the Dungeon)

   Slay:      It affects your accuracy & damage with ranged weapons and melee
   (+4).
   rF:        It protects you from fire.
 w - the +0 cloak "Mekk" (worn) {Contam rElec Int+9 Dex+4}
   (You found it on level 7 of the Dungeon)

   Int:       It affects your intelligence (+9).
   Dex:       It affects your dexterity (+4).
   rElec:     It insulates you from electricity.
   Contam:    It causes magical contamination when unequipped.
 L - a +3 leather armour of fire resistance (worn)
   (You took it off Ijyb on level 3 of the Dungeon)
Magical Staves
 d - a staff of cold {rC+}
   (You found it on level 5 of the Dungeon)
 z - a staff of fire {rF+}
   (You found it on level 1 of the Dungeon)
Jewellery
 f - the amulet of the Hero (around neck) {Regen+ Str+3}
   (You found it on level 3 of the Dungeon)

   [amulet of regeneration]

   Str:       It affects your strength (+3).
   Regen:     It increases your rate of health regeneration.
 t - the ring of the Ferocious Eggfruit (right hand) {rN+ rCorr}
   (You took it off a kobold brigand on level 8 of the Dungeon)

   [ring of resist corrosion]

   rN:        It protects you from negative energy.
   rCorr:     It protects you from acid and corrosion.
 A - a +6 ring of strength
   (You found it on level 3 of the Lair of Beasts)
 I - a +6 ring of intelligence (left hand)
   (You found it on level 2 of the Lair of Beasts)
 Q - an amulet of the acrobat
   (You found it on level 5 of the Lair of Beasts)
Wands
 e - a wand of charming (6)
   (You found it on level 9 of the Dungeon)
 h - a wand of acid (9)
   (You found it on level 5 of the Dungeon)
 i - a wand of iceblast (7)
   (You found it on level 2 of the Lair of Beasts)
 j - a wand of polymorph (3)
   (You found it on level 2 of the Lair of Beasts)
 p - a wand of paralysis (7)
   (You found it on level 1 of the Lair of Beasts)
 q - a wand of flame (26)
   (You took it off Natasha on level 3 of the Dungeon)
 y - a wand of mindburst (5)
   (You took it off Ijyb on level 3 of the Dungeon)
Scrolls
 C - 5 scrolls of identify {@r1}
 D - a scroll of blinking {!r}
 E - 4 scrolls of fear
 K - a scroll of immolation {!r}
 O - a scroll of silence
 W - a scroll of holy word {!r}
 Y - 2 scrolls of teleportation {@r3}
Potions
 b - 2 potions of invisibility
 o - a potion of cancellation
 r - 3 potions of attraction {!q}
 B - 2 potions of brilliance
 G - 11 potions of ambrosia {!q}
 H - 2 potions of haste
 J - 5 potions of curing {@q1}
 M - 2 potions of might
 P - a potion of lignification {!q}
 U - 4 potions of mutation {!q}
Miscellaneous
 v - a lightning rod (4/4)
   (You found it on level 9 of the Dungeon)


   Skills:
 + Level 11.0 Fighting
 + Level 10.2 Short Blades
 - Level 2.4 Axes
 - Level 1.5 Throwing
 - Level 3.2 Dodging
 * Level 10.0 Stealth
 - Level 5.0 Shields
 - Level 10.0 Spellcasting


You had 16 spell levels left.
You knew the following spells:

 Your Spells              Type           Power      Damage    Failure   Level
a - Poisonous Vapours     Pois/Air       100%       N/A       1%          2
b - Searing Ray           Conj           100%       2d8       1%          2
c - Conjure Flame         Conj/Fire      66%        6-21      1%          3
d - Animate Dead          Necr           33%        N/A       1%          4
e - Summon Mana Viper     Hex/Summ       66%        N/A       2%          5
A - Animate Skeleton      Necr           100%       N/A       1%          1
Your spell library was empty.

Dungeon Overview and Level Annotations

Branches:
Dungeon (9/15)             Temple (0/1) D:4            Lair (6/6) D:9
 Shoals (0/4) Lair:4        Snake (0/4) Lair:2        Sewer (visited)
  Slime: Lair:5-6       Orc: D:9-12

Altars:
Kikubaaqudgha
Okawaru
Qazlal
Trog
Vehumet
Wu Jian
Ignis

Shops:
D:2 ?   D:4 *

Annotations:
D:3 1 runed translucent door, Crazy Yiuf, Jessica
D:7 2 runed translucent doors, Cecur's ghost, novice DsGl
Lair:3 2 transporters, Jempith's ghost, journeyman MiFi


Innate Abilities, Weirdness & Mutations

You are immune to sickness and miasma.
You are immune to poison.
Your flesh is very heat resistant. (rF++)
You are vulnerable to cold. (rC-)
You float through the air rather than walking.
You learn spells naturally, not from books.
Your magical power is your life essence.
You have superior vitality. (+4 MHP)


Message History

You regained 4 hp, and now have 60/103 hp.
You block the blink frog's attack.
Things that are here:
a +2 longbow of flaming; a +0 barding; the centaur corpse of Nessos You are too injured to fight recklessly!
You are too injured to fight recklessly!
You are too injured to fight recklessly!
You impale the blink frog!! You burn the blink frog.
The blink frog barely misses you.
You hit the blink frog. You burn the blink frog.
Your mana viper bites the blink frog.
The blink frog's magic leaks into the air.
The blink frog completely misses you.
You barely miss the blink frog.
Your mana viper bites the blink frog!
The blink frog dies!
There is a stone staircase leading up here.
You start resting.
Your mana viper disappears in a puff of smoke!
Health restored: 103
O - a scroll of silence
L - a +3 leather armour of fire resistance (worn)
Okay, then.
The blink frog croaks.
You puncture the blink frog! You burn the blink frog.
You block the blink frog's attack.
You hit the blink frog. You burn the blink frog.
The blink frog blinks!
The blink frog hits you but does no damage.
You impale the blink frog!! You burn the blink frog.
You kill the blink frog!
No target in view!
No target in view!
q - a wand of flame (26) (gained 7 charges)
Found a stone staircase leading down.
A water moccasin comes into view.
The water moccasin hisses angrily.
The water moccasin bites you. The water moccasin closely misses you.
You take 3 damage, and have 100/103 hp.
You puncture the water moccasin! You burn the water moccasin.
You block the water moccasin's attack.
You puncture the water moccasin! You burn the water moccasin.
You kill the water moccasin!
No target in view!
No target in view!
Q - an amulet of the acrobat Health restored: 103
R - a scroll labelled CAITOGUEDA
As you read the scroll of identify {@r1}, it crumbles to dust.
R - a scroll of holy word;
W - a scroll of holy word A death yak is nearby!
A mana viper appears with a sibilant hiss.
The death yak bellows! x2
You take 4 damage, and have 99/103 hp.
Your mana viper completely misses the death yak.
The death yak closely misses your mana viper.
Your mana viper bites the death yak!
The death yak gores your mana viper!
Your mana viper bites the death yak!
Health restored: 103 Your mana viper barely misses the death yak.
The death yak gores your mana viper!! The death yak gores your mana viper.
Your mana viper bites the death yak but does no damage.
You swap places.
The death yak gores you!! The death yak gores you!
You take 36 damage, and have 67/103 hp.
MASSIVE DAMAGE!!
You hit the death yak. You burn the death yak.
The death yak barely misses you. x2
Your mana viper barely misses the death yak.
You barely miss the death yak.
Your mana viper barely misses the death yak.
The death yak gores you! You block the death yak's attack.
You take 6 damage, and have 62/103 hp.
The death yak attacks as you move away! You block the death yak's attack.
The death yak attacks as you move away! The death yak barely misses you.
Your mana viper bites the death yak but does no damage.
You puncture the death yak! You burn the death yak.
Your mana viper bites the death yak but does no damage.
You hit the death yak. You burn the death yak.
You block the death yak's attack. x2; Your mana viper bites the death yak!
You hit the death yak. You burn the death yak.
Your mana viper bites the death yak!!
The death yak dies!
The death yak gores you!
Your Fighting skill increases to level 11!
Your Stealth skill increases to level 10!
You take 14 damage, and have 50/105 hp.
Unknown command.
You call on the dead to rise...
The dead are walking!
The death yak gores you!!
* * * LOW HITPOINT WARNING * * *
You take 22 damage, and have 28/105 hp.
MASSIVE DAMAGE!!
The death yak attacks as you move away! You block the death yak's attack.
Your mana viper bites the death yak!!
Your mana viper barely misses the death yak.
You hit the death yak. You burn the death yak.
Your death yak zombie gores the death yak.
You puncture the death yak! You burn the death yak. The death yak gores you!!
* * * LOW HITPOINT WARNING * * *
You take 21 damage, and have 9/105 hp.
Unknown command.
Your death yak zombie gores the death yak!
The death yak attacks as you move away! The death yak gores you!!
You die...

#...# #....#
#......
##.......
#....P...
#######.....P..
#.#...#....!...
#....Y.Z.......
#...@##.#......
##<...###.#.....
##....## #....##
#....## P.P.#
#...## .P.#
#######..## ...#
#.........# P.#
#..P.###.##
...#.. ##..##
### #....###


You could see a death yak (ally target) and a friendly death yak zombie.

Vanquished Creatures
  Nessos (Lair:5)
  4 hydras
  2 centaur warriors (D:9)
  3 death yaks
  8 elephants
  2 black mambas (Lair:2)
  10 cane toads
  6 komodo dragons
  A queen bee (Lair:1)
  A polar bear (Lair:4)
  3 hornets
  A wind drake (Lair:4)
  9 blink frogs
  A wyvern (D:9)
  A wraith (D:9)
  28 yaks
  A steam dragon (D:7)
  5 basilisks
  Menkaure (D:5)
  18 water moccasins
  3 orc warriors
  4 sky beasts
  4 ice beasts
  7 wolves (Lair:2)
  5 ogres
  3 centaurs
  A phantom (D:5)
  10 bullfrogs
  3 kobold brigands
  Blork the orc (D:4)
  A gnoll sergeant (D:8)
  4 scorpions
  A necrophage (D:7)
  4 wights (D:9)
  An elephant simulacrum (Lair:1)
  25 killer bees
  3 electric eels
  4 howler monkeys
  3 centaur zombies (D:9)
  2 gnoll shamans
  A human zombie (D:9)
  3 jellies
  7 hounds
  2 orc priests
  2 iguanas
  Ijyb (D:3)
  Natasha (thrice) (D:3)
  3 orc wizards
  4 hell rats (Lair:2)
  A polar bear simulacrum (Lair:1)
  2 killer bee zombies (D:9)
  2 mummies (D:9)
  A howler monkey zombie (D:9)
  3 gnolls (D:4)
  11 adders
  4 river rats (Sewer)
  2 shadow imps (D:7)
  A white imp (D:8)
  A worm (Sewer)
  3 dart slugs
  22 orcs
  9 ball pythons
  8 endoplasms
  6 giant cockroaches
  4 goblins
  4 hobgoblins
  10 jackals
  10 kobolds
  10 quokkas
  9 bats
  6 frilled lizards
  10 rats
360 creatures vanquished.

Vanquished Creatures (collateral kills)
  2 death yaks (Lair:5)
  A manticore (Lair:4)
  2 elephants (Lair:4)
  A rime drake (Lair:4)
  A komodo dragon (Lair:4)
  2 blink frogs (Lair:5)
  A basilisk (Lair:2)
  A bullfrog (Lair:2)
11 creatures vanquished.

Vanquished Creatures (others)
  43 foxfires (D:6)
  16 fungi
  49 plants
108 creatures vanquished.

Grand Total: 479 creatures vanquished

Notes
Turn   | Place    | Note
-------+----------+-------------------------------------------
     0 | D:1      | sokol815 the Djinni Gladiator began the quest for the Orb.
     0 | D:1      | Reached XP level 1. HP: 18/18 MP: 0/0
    98 | D:1      | HP: 4/18 [kobold/+4 dagger of venom (4)]
   100 | D:1      | Reached XP level 2. HP: 5/23 MP: 0/0
   601 | D:1      | Reached skill level 1 in Short Blades
   601 | D:1      | Reached XP level 3. HP: 29/29 MP: 0/0
   601 | D:1      | Learned a level 1 spell: Animate Skeleton
   644 | D:1      | Reached skill level 1 in Spellcasting
  1660 | D:2      | Found a faded altar of an unknown god.
  1664 | D:2      | Got Plato's Compendium of the Escort
  1665 | D:2      | Prayed at the altar of an unknown god.
  1665 | D:2      | Became a worshipper of Ignis, the Dying Flame
  1872 | D:2      | Found Riuniw's Magic Scroll Boutique.
  2179 | D:3      | Reached XP level 4. HP: 31/34 MP: 0/0
  2357 | D:3      | Identified the amulet of the Hero {Regen+ Str+3}
  2376 | D:3      | Noticed Ijyb
  2400 | D:3      | HP: 3/34 [disintegration (22)]
  2402 | D:3      | HP: 1/51 [disintegration (3)]
  2409 | D:3      | Killed Ijyb
  2410 | D:3      | Reached skill level 2 in Short Blades
  2523 | D:3      | Noticed Natasha
  2531 | D:3      | Killed Natasha
  2532 | D:3      | Reached skill level 3 in Fighting
  2532 | D:3      | Reached XP level 5. HP: 39/40 MP: 0/0
  2532 | D:3      | Learned a level 2 spell: Poisonous Vapours
  2570 | D:3      | Noticed Natasha
  2589 | D:3      | Killed Natasha
  2759 | D:3      | Noticed Jessica
  2970 | D:3      | Found a runed translucent door.
  2971 | D:3      | Noticed Crazy Yiuf
  3172 | D:3      | Noticed Natasha
  3182 | D:3      | Killed Natasha
  3183 | D:3      | Reached skill level 2 in Spellcasting
  3390 | D:4      | Reached XP level 6. HP: 46/46 MP: 0/0
  3397 | D:4      | Found Ovaleam's Elemental Accessories.
  3471 | D:4      | Reached skill level 3 in Short Blades
  3533 | D:4      | Found an iron altar of Okawaru.
  3580 | D:4      | Identified a scroll of acquirement
  3580 | D:4      | Acquired the +3 buckler of the Elven Halls {rF+ Slay+4}
  3704 | D:4      | Noticed Blork the orc
  3710 | D:4      | Killed Blork the orc
  3808 | D:4      | Reached skill level 1 in Shields
  3811 | D:4      | Found a staircase to the Ecumenical Temple.
  3947 | D:4      | Reached XP level 7. HP: 51/51 MP: 0/0
  3947 | D:4      | Learned a level 2 spell: Searing Ray
  4261 | D:5      | Entered Level 5 of the Dungeon
  4286 | D:5      | Reached skill level 4 in Fighting
  4286 | D:5      | Reached skill level 2 in Shields
  4286 | D:5      | Reached skill level 3 in Spellcasting
  4294 | D:5      | HP: 8/52 [ogre/+0 giant club (19)]
  4299 | D:5      | HP: 8/52 [hound (2)]
  4438 | D:5      | Reached XP level 8. HP: 58/58 MP: 0/0
  4450 | D:5      | Reached skill level 3 in Shields
  4570 | D:5      | Found a bloodstained altar of Trog.
  4597 | D:5      | Found a glowing drain.
  4622 | Sewer    | Entered a sewer
  5000 | Sewer    | Reached skill level 4 in Short Blades
  5132 | D:5      | Reached skill level 4 in Spellcasting
  5156 | D:5      | Reached skill level 4 in Shields
  5283 | D:5      | Noticed Menkaure
  5288 | D:5      | Killed Menkaure
  5658 | D:6      | Noticed a yak
  5659 | D:6      | Noticed a yak
  5659 | D:6      | Noticed a yak
  5667 | D:6      | Killed a yak
  5668 | D:6      | Reached skill level 5 in Fighting
  5668 | D:6      | Reached XP level 9. HP: 63/65 MP: 0/0
  5668 | D:6      | Learned a level 3 spell: Conjure Flame
  5670 | D:6      | Reached skill level 5 in Shields
  5675 | D:6      | Reached skill level 5 in Spellcasting
  5936 | D:6      | Reached skill level 5 in Short Blades
  6034 | D:6      | Reached skill level 6 in Fighting
  6238 | D:6      | Found a stormy altar of Qazlal.
  6492 | D:7      | Reached skill level 6 in Spellcasting
  6564 | D:7      | Identified the +0 cloak "Mekk" {Contam rElec Int+9 Dex+4}
  6621 | D:7      | Noticed a six-headed hydra
  6629 | D:7      | Killed a six-headed hydra
  6630 | D:7      | Reached XP level 10. HP: 57/73 MP: 0/0
  6712 | D:7      | Reached skill level 6 in Short Blades
  6749 | D:7      | Reached skill level 7 in Fighting
  6836 | D:7      | Found a large runed translucent door.
  6837 | D:7      | Found a large runed translucent door.
  6975 | D:7      | Noticed Cecur's ghost (novice DsGl)
  7305 | D:8      | Reached skill level 7 in Spellcasting
  7347 | D:8      | Identified the ring of the Ferocious Eggfruit {rN+ rCorr}
  7982 | D:9      | Found a staircase to the Lair.
  7982 | D:9      | Noticed a komodo dragon
  8003 | D:9      | Killed a komodo dragon
  8048 | D:9      | Reached XP level 11. HP: 78/81 MP: 0/0
  8048 | D:9      | Learned a level 4 spell: Animate Dead
  8194 | D:9      | Found an ornate altar of the Wu Jian Council.
  8300 | D:9      | Reached skill level 7 in Short Blades
  8309 | D:9      | Reached skill level 8 in Fighting
  8388 | D:9      | Noticed a centaur warrior
  8404 | D:9      | Killed a centaur warrior
  8405 | D:9      | Reached skill level 8 in Spellcasting
  8453 | D:9      | Noticed an eight-headed hydra
  8469 | D:9      | HP: 19/81 [eight-headed hydra (5)]
  8470 | D:9      | Killed an eight-headed hydra
  8471 | D:9      | Reached skill level 1 in Stealth
  8611 | D:9      | Noticed a centaur warrior
  8620 | D:9      | Killed a centaur warrior
  8621 | D:9      | Reached skill level 2 in Stealth
  9027 | Lair:1   | Entered Level 1 of the Lair of Beasts
  9037 | Lair:1   | Found a frozen archway.
  9042 | Lair:1   | HP: 18/82 [polar bear simulacrum (15)]
  9042 | Lair:1   | HP: 3/82 [polar bear simulacrum (12)]
  9506 | Lair:1   | Reached skill level 3 in Stealth
  9686 | Lair:1   | Reached skill level 4 in Stealth
  9686 | Lair:1   | Reached skill level 9 in Spellcasting
  9688 | Lair:1   | Reached XP level 12. HP: 78/88 MP: 0/0
 10541 | Lair:1   | Reached skill level 8 in Short Blades
 10549 | Lair:1   | Reached skill level 9 in Fighting
 10831 | Lair:2   | Reached skill level 5 in Stealth
 11331 | Lair:2   | Found a staircase to the Snake Pit.
 11642 | Lair:1   | Reached skill level 6 in Stealth
 11723 | Lair:2   | Noticed a five-headed hydra
 11729 | Lair:2   | Noticed a seven-headed hydra
 11734 | Lair:2   | Killed a five-headed hydra
 11752 | Lair:2   | Killed a seven-headed hydra
 11874 | Lair:2   | Reached skill level 10 in Spellcasting
 11878 | Lair:2   | Reached XP level 13. HP: 46/95 MP: 0/0
 11878 | Lair:2   | Learned a level 5 spell: Summon Mana Viper
 12035 | Lair:2   | Reached skill level 7 in Stealth
 12175 | Lair:2   | Reached skill level 10 in Fighting
 12175 | Lair:2   | Reached skill level 9 in Short Blades
 12379 | Lair:3   | Found a transporter.
 12397 | Lair:3   | Found a transporter.
 12401 | Lair:3   | Noticed Jempith's ghost (journeyman MiFi)
 13004 | Lair:4   | Found a staircase to the Shoals.
 13020 | Lair:4   | Reached skill level 8 in Stealth
 13160 | Lair:4   | You are sucked into a shaft and drop 2 floors!
 13160 | Lair:6   | Entered Level 6 of the Lair of Beasts
 13483 | Lair:4   | Reached skill level 9 in Stealth
 13785 | Lair:5   | Noticed Nessos
 13874 | Lair:4   | HP: 10/97 [death yak (17)]
 13888 | Lair:4   | Reached skill level 10 in Short Blades
 14222 | Lair:5   | Killed Nessos
 14223 | Lair:5   | Reached XP level 14. HP: 60/103 MP: 0/0
 14415 | Lair:5   | Reached skill level 11 in Fighting
 14415 | Lair:5   | Reached skill level 10 in Stealth
 14418 | Lair:5   | HP: 9/105 [death yak (21)]
 14420 | Lair:5   | Mangled by a death yak

Illustrated notes

Levels and vault maps discovered:
D:1:      psy_arrival_conway, layout_loops_ring, grunt_decor_arrowhead
D:2:      layout_loops_ring, serial_shops, shop_scrolls,
          shapermc_ecumenical_altar_rom_forum
D:3:      layout_basic, tgw_sif, uniq_natasha, uniq_ijyb,
          uniq_crazy_yiuf_cottage
D:4:      layout_basic, kennysheep_mini_moat, nicolae_vehumet_altar_sigil,
          minmay_temple_entry_purple_smoke, nicolae_elemental_shop,
          chequers_serial_rivers_micro_b, uniq_blork_the_orc
D:5:      layout_gridville, mainiacjoe_overflow_cross_hatched,
          portal_sewer_entry_f, uniq_menkaure
D:6:      layout_basic, nicolae_qazlal_style_of_elements
D:7:      layout_loops_ring, ebering_ghost_disaster_area, minmay_misc_feat_tiny
D:8:      minmay_octagon_keep, layout_loops_ring
D:9:      layout_cave_pools, lemuel_mausoleum_altar_kikubaaqudgha,
          nzn_wu_jian_contemplation, david_lair_shrubbed, chequers_big_river,
          minmay_shattered_shrine
Lair:1:   layout_layer_cave, special_room [special_room_bee],
          portal_ice_cave_entry_ice_simulacra, grunt_megastairs_1,
          lemuel_fruit_fields
Lair:2:   nzn_winding_woodlands_stair_cross [nzn_winding_woodlands_5x15_zeroes,
          nzn_winding_woodlands_center_garden,
          nzn_winding_woodlands_5x15_sawtooth,
          nzn_winding_woodlands_5x5_checkerboard,
          nzn_winding_woodlands_5x5_default, nzn_winding_woodlands_5x15_pool,
          nzn_winding_woodlands_center_diamonds,
          nzn_winding_woodlands_5x15_river_crossing], layout_loops_ring,
          fungi_pond_lemuel
Lair:3:   layout_gridlike, gammafunk_ghost_berserking_beasts,
          serial_bayou_pond_d
Lair:4:   layout_long_grid, minmay_shoals_entry_beasts, guppyfry_lair_drakes
Lair:5:   layout_loops_ring, serial_rivers, chequers_serial_rivers_small_a,
          chequers_serial_rivers_small_3, chequers_serial_rivers_micro_d,
          chequers_serial_rivers_marsh, uniq_nessos
Lair:6:   evilmike_catoblepas_cave, layout_regular_city,
          dpeg_slime_entry_corner, lookout_lair_type,
          chequers_serial_rivers_large_a, pond

Skill      XL: |  1  2  3  4  5  6  7  8  9 10 11 12 13 14 |
---------------+-------------------------------------------+-----
Short Blades   | 1 2 3 4 5 6 7 8 10 | 10.2
Spellcasting   | 1 2 3 4 6 7 9 10 | 10.0
Fighting       | 3 4 5 6 7 8 9 10 11 | 11.0
Shields        | 1 2 4 5 |  5.0
Stealth        | 4 6 9 10 | 10.0
Axes           | |  2.4
Throwing       | |  1.5
Dodging        | |  3.2

Action                   |  1- 3 |  4- 6 |  7- 9 | 10-12 | 13-15 || total
-------------------------+-------+-------+-------+-------+-------++-------
Melee: War axe           |    15 |       |       |       |       ||    15
       Dagger            |    99 |   153 |       |       |       ||   252
       Punch             |       |     3 |       |       |       ||     3
       Short sword       |       |    13 |   279 |   524 |   262 ||  1078
Throw: Javelin           |     1 |       |     1 |       |       ||     2
       Throwing net      |       |       |     3 |       |       ||     3
       Stone             |       |       |     3 |       |       ||     3
 Cast: Searing Ray       |       |       |       |    30 |     4 ||    34
       Animate Skeleton  |       |       |       |     2 |     9 ||    11
       Conjure Flame     |       |       |       |     2 |     3 ||     5
       Summon Mana Viper |       |       |       |       |    16 ||    16
       Animate Dead      |       |       |       |       |     3 ||     3
Invok: Foxfire Swarm     |       |       |     2 |       |       ||     2
       Fiery Armour      |       |       |     1 |     2 |       ||     3
Evoke: Wand              |       |       |       |    11 |     1 ||    12
  Use: Scroll            |    10 |     9 |     5 |     6 |     2 ||    32
       Potion            |       |     1 |     1 |     1 |       ||     3
 Stab: Held in net/web   |       |       |     2 |       |       ||     2
       Sleeping          |       |       |     1 |     1 |     5 ||     7
       Distracted        |       |       |       |     1 |     2 ||     3
Armor: Leather armour    |     5 |    29 |    80 |   114 |    67 ||   295
       Chain mail        |    46 |     9 |       |       |       ||    55
Dodge: Dodged            |    53 |    85 |   111 |   266 |   125 ||   640
Block: Buckler           |       |     1 |   104 |   215 |    98 ||   418

Table legend: (Time is in decaauts)
 A = Elapsed time spent in this place.
 B = Non-inter-level travel time spent in this place.
 C = Inter-level travel time spent in this place.
 D = Time resting spent in this place.
 E = Time spent auto-exploring this place.
 F = Levels seen in this place.
 G = Mean time per level.
                   A        B        C        D        E       F      G
               +--------+--------+--------+--------+--------+-----+--------+
         Total |  14197 |  13768 |    429 |   1178 |   9546 |  16 |  887.3 |
       Dungeon |   8453 |   8208 |    245 |    388 |   6126 |   9 |  939.2 |
          Lair |   5252 |   5068 |    184 |    790 |   3137 |   6 |  875.3 |
         Sewer |    492 |    492 |      0 |      0 |    283 |   1 |  492.0 |
               +--------+--------+--------+--------+--------+-----+--------+

Top non-repeatable levels by time:
  Lair:1: 1756 daAuts
  Lair:2: 1399 daAuts
     D:1: 1257 daAuts
     D:3: 1209 daAuts
  Lair:4: 1112 daAuts
     D:9: 1055 daAuts
     D:4: 940 daAuts
     D:2: 909 daAuts
     D:6: 795 daAuts
     D:8: 794 daAuts
     D:5: 778 daAuts
     D:7: 712 daAuts
  Lair:3: 645 daAuts
   Sewer: 492 daAuts
  Lair:5: 309 daAuts

Table legend:
 A = Kills in this place as a percentage of kills in entire the game.
 B = Kills by you in this place as a percentage of kills by you in the entire game.
 C = Kills by friends in this place as a percentage of kills by friends in the entire game.
 D = Other kills in this place as a percentage of other kills in the entire game.
 E = Experience gained in this place as a percentage of experience gained in the entire game.
 F = Experience gained in this place divided by the number of levels of this place that you have seen.
                   A       B       C       D       E      F
               +-------+-------+-------+-------+-------+----------------------
         Total | 100.0 | 100.0 | 100.0 |   N/A | 100.0 | 2981.9
       Dungeon |  50.7 |  52.2 |   0.0 |   N/A |  24.2 | 1284.7
          Lair |  40.2 |  38.3 | 100.0 |   N/A |  75.4 | 5999.0
         Sewer |   9.2 |   9.4 |   0.0 |   N/A |   0.3 | 155.0
               +-------+-------+-------+-------+-------+----------------------
